cohdb
Replays
Latest Replays
All Replays
Popular Replays
Top Player Replays
Match Explorer
How It Works
Community
CoH3 Stats
Reddit
Sign in to upload your games and track your stats! →
Sign in with Steam
Match 40055182
Unlisted
Match 40055182
Overview
Messages
Build Orders
End
Selects Italian Combined Arms Battlegroup
Selects Bersaglieri Squad
Bersaglieri Squad
Kradschützen Motorcycle Team
Panzerpioneer Squad
Bersaglieri Squad
Construct Light Support Kompanie
MG34 Team
Bersaglieri Squad
Fire Support Elements
Pak 38 Mechanized Group
2.5-tonne Medical Truck
Construct Panzerarmee Kommand
Selects Semovente da 75/18 Assault Gun
Selects Strafing Run
Panzer III L Medium Tank
Walking Stuka Rocket Launcher
Selects Artillery Cover
Vehicle Survival Package
Tungsten Core Ammunition
Strafing Run
Armored Reserves
Panzer IV Assault Group
Emergency Repair Kits
Panzer III L Medium Tank
Tiger Heavy Tank
Artillery Cover
Rapid Advance
Selects Vehicle Support - Secure Location
Selects Vehicle Support - Force Recon
2.5-tonne Medical Truck
Strafing Run
Panzer IV Assault Group
Panzer III L Medium Tank
UH|dun! ツ
UH|ck
iceman
rampaa1
gorcky17
Para_Spoon
0
0
Comments
sign in to comment!
No comments posted yet!